 Dungeon Crawl Stone Soup version 0.31-a0-1529-g7bd419a0e5 (webtiles) character file.

Game seed: 9462196354270259557

331 Aldia the Conjurer (level 6, -9/34 HPs)
             Began as a Deep Elf Conjurer on Dec 31, 2023.
             Mangled by a gnoll
             ... wielding a +0 flail
              (11 damage)
             ... on level 3 of the Dungeon.
             The game lasted 00:05:39 (3153 turns).

Aldia the Conjurer (Deep Elf Conjurer)              Turns: 3153, Time: 00:05:40

Health: -9/34      AC:  4    Str:  4    XL:     6   Next: 26%
Magic:  8/15       EV: 12    Int: 25    God:
Gold:   120        SH:  0    Dex: 13    Spells: 3/14 levels left

rFire   . . .        i - +0 dagger (holy)
rCold   . . .        (no shield)
rNeg    . . .        j - +0 robe {Will+}
rPois   .            t - +2 hat
rElec   .            (no cloak)
rCorr   .            (no gloves)
SInv    .            (no boots)
Will    +....        (no amulet)
Stlth   ++           (no ring)
HPRegen 0.25/turn    (no ring)
MPRegen 0.14/turn

%: no passive effects
@: no status effects
A: no striking features
a: no special abilities


You were on level 3 of the Dungeon.
You visited 1 branch of the dungeon, and saw 4 of its levels.

You collected 120 gold pieces.

Inventory:

Hand Weapons
 i - a +0 dagger of holy wrath (weapon)
Armour
 j - a +0 robe of willpower (worn)
 t - a +2 hat (worn)
Magical Staves
 q - a staff of fire
Scrolls
 c - 2 scrolls of poison
 e - a scroll of amnesia
 m - a scroll of blinking {unknown}
 n - a scroll of fog
 s - a scroll of torment {unknown}
Potions
 a - a potion of ambrosia {unknown}
 b - a potion of magic
 d - a potion of lignification {unknown}
 g - 2 potions of attraction {unknown}
 h - a potion of invisibility {unknown}
 k - a potion of enlightenment {unknown}
 o - 2 potions of heal wounds {unknown}
 p - a potion of berserk rage {unknown}
 r - a potion of curing {unknown}


   Skills:
 - Level 1.0 Fighting
 + Level 2.7 Dodging
 - Level 3.6 Stealth
 + Level 4.9 Spellcasting
 + Level 5.9 Conjurations
 * Level 3.2 Alchemy


You had 3 spell levels left.
You knew the following spells:

 Your Spells              Type           Power      Damage    Failure   Level
a - Magic Dart            Conj           100%       1d8       1%          1
b - Searing Ray           Conj           70%        2d7       1%          2
c - Fulminant Prism       Conj/Alch      14%        3d8       13%         4
d - Iskenderun's Mystic   Conj/Tloc      21%        2d6       24%         4

Your spell library contained the following spells:

 Spells                   Type           Power      Damage    Failure   Level


Dungeon Overview and Level Annotations

Branches:
Dungeon (4/15)
 Temple: D:4-7

Altars:
Makhleb
Sif Muna

Annotations:
D:4 Dowan, Duvessa


Message History

The gnoll misses you.
There is a stone staircase leading up here.
Unknown command.
The gnoll shouts! x2
The gnoll hits you with a +0 club. The gnoll hits you with a +0 flail.
You climb upwards.
There is a stone staircase leading down here.
The gnoll attacks as it pursues you! The gnoll closely misses you.
Casting: Searing Ray (safe; 1% risk of failure)
Confirm with . or Enter, or press ? or * to list all spells.
You erupt in a blast of force!
The mystic blast hits the gnoll.
The gnoll is moderately wounded.
The gnoll is knocked back by the mystic blast.
The mystic blast hits the gnoll.
The gnoll is heavily wounded.
The gnoll is knocked back by the mystic blast.
Unknown command.
The magic dart hits the gnoll but does no damage.
The gnoll is heavily wounded.
The magic dart hits the gnoll.
The gnoll is heavily wounded.
The gnoll hits you with a +0 club. The gnoll barely misses you.
The magic dart hits the gnoll.
The gnoll is severely wounded.
The gnoll hits you with a +0 club. The gnoll hits you with a +0 flail!
The magic dart hits the gnoll but does no damage.
The gnoll is severely wounded.
The gnoll hits you with a +0 club. The gnoll hits you with a +0 flail!
* * * LOW HITPOINT WARNING * * *
You are too injured to fight recklessly!
You are too injured to fight recklessly!
You hit the gnoll.
The gnoll is almost dead.
The gnoll completely misses you. The gnoll misses you.
You hit the gnoll but do no damage.
The gnoll is almost dead.
The gnoll hits you with a +0 club.
* * * LOW HITPOINT WARNING * * *
The gnoll hits you with a +0 flail!
You die...

.##.##...#...#...##.#
.##.#######'#######.#
.##.................#
.##....8.......8....#
###.................#
....#######'#########
....##...#.).#...#
....##.>.+)[.'.>g#
....##...#...#.g@#
....#######[######
....######[..#
........##.>.#
........##...#
##############


You could see 2 gnolls.

Vanquished Creatures
  A scorpion (D:3)
  An orc priest (D:3)
  Natasha (thrice) (D:3)
  2 iguanas
  3 gnolls (D:4)
  2 adders
  A dart slug (D:2)
  2 ribbon worms (D:2)
  8 orcs (D:3)
  4 ball pythons
  A bat (D:1)
  6 endoplasms
  3 giant cockroaches
  3 hobgoblins
  6 jackals
  4 quokkas
  A frilled lizard (D:3)
  6 goblins
  6 kobolds
  5 rats
68 creatures vanquished.

Vanquished Creatures (others)
  2 fulminant prisms
2 creatures vanquished.

Grand Total: 70 creatures vanquished

Notes
Turn   | Place    | Note
-------+----------+-------------------------------------------
     0 | D:1      | Aldia the Deep Elf Conjurer began the quest for the Orb.
     0 | D:1      | Reached XP level 1. HP: 10/10 MP: 6/6
   235 | D:1      | Reached XP level 2. HP: 16/16 MP: 2/8
   270 | D:1      | Learned a level 2 spell: Searing Ray
   861 | D:1      | Reached skill level 5 in Conjurations
   861 | D:1      | Reached XP level 3. HP: 16/20 MP: 8/10
  1153 | D:2      | Reached skill level 1 in Fighting
  1918 | D:3      | Reached XP level 4. HP: 25/25 MP: 8/11
  1923 | D:3      | Learned a level 4 spell: Fulminant Prism
  2005 | D:3      | Reached skill level 1 in Alchemy
  2143 | D:3      | Found a faded altar of an unknown god.
  2175 | D:3      | Noticed Natasha
  2179 | D:3      | Killed Natasha
  2377 | D:3      | Reached XP level 5. HP: 4/29 MP: 1/13
  2504 | D:3      | Learned a level 4 spell: Iskenderun's Mystic Blast
  2523 | D:3      | Noticed Natasha
  2540 | D:3      | Killed Natasha
  2561 | D:3      | Noticed Natasha
  2566 | D:3      | Killed Natasha
  2623 | D:3      | Found a burning altar of Makhleb.
  2699 | D:3      | Found a shimmering blue altar of Sif Muna.
  3067 | D:4      | Reached XP level 6. HP: 34/34 MP: 8/15
  3069 | D:4      | Noticed Duvessa
  3069 | D:4      | Noticed Dowan
  3153 | D:3      | Mangled by a gnoll

Illustrated notes

Levels and vault maps discovered:
D:1:      moated_graveyard_arrival, layout_loops_cross
D:2:      layout_basic
D:3:      layout_basic, general_overflow_altar, lemuel_crystal_altar,
          hellmonk_ecumenical_altar_heavens_door, nicolae_elevator_lobby_plus,
          uniq_natasha
D:4:      layout_gridville, palyth_stone_intersect, uniq_duvessa

Skill      XL: |  1  2  3  4  5  6 |
---------------+-------------------+-----
Conjurations   | 5 |  5.9
Fighting       | 1 |  1.0
Spellcasting   | 4 |  4.9
Alchemy        | 2 3 |  3.2
Stealth        | 3 |  3.6
Dodging        | |  2.7

Action                     |  1- 3 |  4- 6 || total
---------------------------+-------+-------++-------
  Melee: Dagger            |    26 |     2 ||    28
   Cast: Magic Dart        |    86 |    48 ||   134
         Searing Ray       |     1 |     2 ||     3
         Fulminant Prism   |       |     2 ||     2
         Iskenderun's Myst |       |     1 ||     1
    Use: Scroll            |     2 |     3 ||     5
   Stab: Sleeping          |     1 |       ||     1
 Armour: Robe              |    16 |    19 ||    35
  Dodge: Dodged            |    24 |    10 ||    34

Table legend: (Time is in decaauts)
 A = Elapsed time spent in this place.
 B = Non-inter-level travel time spent in this place.
 C = Inter-level travel time spent in this place.
 D = Time resting spent in this place.
 E = Time spent auto-exploring this place.
 F = Levels seen in this place.
 G = Mean time per level.
                   A        B        C        D        E       F      G
               +--------+--------+--------+--------+--------+-----+--------+
         Total |   3154 |   2890 |    264 |     51 |   2411 |   4 |  788.5 |
       Dungeon |   3154 |   2890 |    264 |     51 |   2411 |   4 |  788.5 |
               +--------+--------+--------+--------+--------+-----+--------+

Top non-repeatable levels by time:
     D:3: 1310 daAuts
     D:1: 873 daAuts
     D:2: 850 daAuts
     D:4: 119 daAuts
